 Dungeon Crawl Stone Soup version 0.26.0-15-gc6cd9f700b (webtiles) character file.

Game seed: 7013559681128664278

11116 runemasterragnar the Fighter (level 11, -2/112 (115) HPs)
             Began as an Ogre Arcane Marksman on Jan 15, 2021.
             Was a High Priest of Okawaru.
             Slain by a white ugly thing (17 damage)
             ... on level 10 of the Dungeon.
             The game lasted 00:35:50 (18137 turns).

runemasterragnar the Fighter (OgAM)                Turns: 18137, Time: 00:35:51

HP:   -2/112 (115)  AC:  7    Str: 16    XL:     11   Next: 72%
MP:   20/20         EV: 16    Int: 17    God:    Okawaru [*****.]
Gold: 744           SH:  0    Dex:  9    Spells: 16/22 levels left

rFire    . . .     SeeInvis .   D - +0 morningstar
rCold    + . .     Faith    +   (no shield)
rNeg     . . .     Spirit   .   V - +2 robe {Will+}
rPois    .         Reflect  .   T - +2 hat
rElec    .         Harm     .   (no cloak)
rCorr    .         Rampage  .   (gloves unavailable)
Will     ++...                  (boots unavailable)
Stlth    +.........             H - amulet of faith
HPRegen  0.28/turn              b - +4 ring of evasion
MPRegen  0.17/turn              l - ring of protection from cold

@: about to teleport, lightly drained
A: large, unfitting armour, horns 1, tough skin 1, wild magic 1
a: Renounce Religion, Heroism, Finesse


You were on level 10 of the Dungeon.
You worshipped Okawaru.
Okawaru was extremely pleased with you.
You visited 2 branches of the dungeon, and saw 12 of its levels.

You collected 744 gold pieces.

Inventory:

Hand Weapons
 e - a +1 halberd
 t - a +3 short sword
 A - a +0 trident
 D - a +0 morningstar (weapon)
 E - a +0 giant spiked club
Missiles
 c - 5 large rocks (quivered)
 d - 4 throwing nets
 q - 13 atropa-tipped darts
 s - 28 poisoned darts
 w - 7 boomerangs
 K - 8 curare-tipped darts
 P - 6 silver javelins
 U - a silver boomerang
 W - 8 javelins
 X - 7 datura-tipped darts
Armour
 T - a +2 hat (worn)
 V - a +2 robe of willpower (worn)
Jewellery
 b - a +4 ring of evasion (left hand)
 l - a ring of protection from cold (right hand)
 o - an uncursed ring of poison resistance
 C - an uncursed amulet of magic regeneration
 H - an amulet of faith (around neck)
Wands
 a - a wand of paralysis (2)
 x - a wand of digging (9)
 G - a wand of iceblast (1)
 N - a wand of flame (8)
 Q - a wand of disintegration (6)
Scrolls
 g - a scroll of teleportation
 h - 6 scrolls of remove curse
 i - 2 scrolls of amnesia
 k - a scroll of fear {unknown}
 p - 2 scrolls of enchant weapon
 y - a scroll of blinking {unknown}
 z - a scroll of fog {unknown}
 I - a scroll of immolation {unknown}
 L - a scroll of enchant armour
Potions
 f - a potion of flight
 j - 6 potions of curing
 m - 3 potions of ambrosia
 n - 3 potions of haste
 r - 3 potions of degeneration
 u - 2 potions of magic
 v - a potion of attraction
 B - a potion of might
 F - 2 potions of heal wounds
 J - 2 potions of brilliance
 M - a potion of cancellation
 O - a potion of lignification
 R - a potion of resistance {unknown}


   Skills:
 + Level 9.4 Fighting
 * Level 4.9 Maces & Flails
 + Level 6.9 Throwing
 + Level 6.2 Dodging
 - Level 6.0 Spellcasting
 + Level 7.4 Hexes
 - Level 5.0 Translocations
 + Level 7.7 Invocations


You had 16 spell levels left.
You knew the following spells:

 Your Spells              Type           Power        Failure   Level
a - Corona                Hex            43%          1%          1
b - Slow                  Hex            39%          1%          2
c - Portal Projectile     Hex/Tloc       68%          5%          3

Your spell library contained the following spells:

 Spells                   Type           Power        Failure   Level
 Cause Fear               Hex            19%          10%         4
 Inner Flame              Hex/Fire       23%          13%         3
 Leda's Liquefaction      Hex/Erth       11%          36%         4


Dungeon Overview and Level Annotations

Branches:
Dungeon (11/15)            Temple (1/1) D:4            Lair (0/6) D:10
    Orc: D:9-12

Altars:
Ashenzari
Cheibriados
Elyvilon
Gozag
Hepliaklqana
Kikubaaqudgha
Makhleb
Nemelex Xobeh
Okawaru
Qazlal
Sif Muna
Trog
Vehumet
Wu Jian
Xom
Zin
The Shining One
Jiyva

Shops:
D:8 [

Annotations:
D:10 Fannar


Innate Abilities, Weirdness & Mutations

You are too large for most types of armour.
You have tough skin. (AC +1)
You have a pair of small horns on your head.
Your spells are a little harder to cast, but a little more powerful.


Message History

Aim: a white ugly thing (chance to affect: 28%)
The white ugly thing easily resists.
The necrophage hits you.
You feel drained. The white ugly thing pecks you!
* * * LOW HITPOINT WARNING * * *
The white ugly thing freezes you! You resist.
* * * LOW HITPOINT WARNING * * *
Okay, then.
You feel much better. The necrophage closely misses you.
The white ugly thing pecks you!
* * * LOW HITPOINT WARNING * * *
The white ugly thing freezes you! You resist.
* * * LOW HITPOINT WARNING * * *
Okay, then.
Okay, then.
As you read the scroll of teleportation, it crumbles to dust.
You feel strangely unstable. The necrophage barely misses you.
The white ugly thing pecks you.
* * * LOW HITPOINT WARNING * * *
The white ugly thing freezes you! You resist.
You die...

### ..# #)# #.# #.# #.#
#n# ########### #@#
#....e..>.# ..#####u#
#.#Y.##.#.#
......sB###....###n.####
######.e.....#.# ##....#
#.###..##.####....#
...##..###.#.......#
#####...# #.#.......#
#....(# #.#......#.
#.###s# #.#......##


You could see Fannar (icy armour), a white ugly thing, a necrophage, a scorpion
and a worker ant.

Vanquished Creatures
  Erolcha (D:10)
  2 two-headed ogres
  Nergalle (D:10)
  A slime creature (D:10)
  5 wyverns
  6 yaks
  Duvessa (D:7)
  2 water moccasins
  5 orc warriors
  4 ice beasts
  3 sky beasts (D:9)
  3 black bears (D:10)
  2 necrophages
  A wolf (D:10)
  2 phantoms (D:4)
  7 ogres
  4 centaurs
  10 bullfrogs
  4 big kobolds
  Blork the orc (D:6)
  A gnoll sergeant (D:10)
  Dowan (D:7)
  3 scorpions
  4 killer bees (D:8)
  5 wights
  A vampire bat (D:4)
  2 electric eels (D:9)
  2 howler monkeys
  A quasit (D:9)
  A centaur zombie (D:7)
  2 centaur skeletons
  2 hounds
  5 orc priests
  4 jellies
  2 bullfrog skeletons
  4 iguanas
  15 orc wizards
  5 worker ants
  A hound skeleton (D:8)
  A mummy (D:6)
  A worker ant zombie (D:10)
  Robin (D:4)
  A howler monkey skeleton (D:5)
  17 gnolls
  8 adders
  6 shadow imps
  2 ufetubi
  4 oozes
  An adder zombie (D:5)
  4 worms
  4 dart slugs
  9 leopard geckos
  54 orcs
  3 ball pythons
  8 bats
  2 bat skeletons (D:4)
  3 bat zombies (D:4)
  5 giant cockroaches
  16 goblins
  10 hobgoblins
  15 jackals
  3 quokkas
  A ball python zombie (D:5)
  6 frilled lizards
  A hobgoblin zombie (D:6)
  34 kobolds
  A kobold zombie (D:6)
  2 orc zombies (D:6)
  2 quokka skeletons (D:5)
  9 rats
360 creatures vanquished.

Vanquished Creatures (others)
  An orc (D:7)
  6 fungi (D:10)
  22 plants (D:10)
29 creatures vanquished.

Grand Total: 389 creatures vanquished

Notes
Turn   | Place    | Note
-------+----------+-------------------------------------------
     0 | D:1      | runemasterragnar the Ogre Arcane Marksman began the quest
                  | for the Orb.
     0 | D:1      | Reached XP level 1. HP: 19/19 MP: 2/2
    42 | D:1      | Reached XP level 2. HP: 18/27 MP: 1/3
   607 | D:1      | Reached skill level 2 in Fighting
   619 | D:1      | Reached XP level 3. HP: 23/35 MP: 4/4
  1173 | D:1      | Reached skill level 3 in Fighting
  1173 | D:1      | Reached XP level 4. HP: 31/45 MP: 5/5
  1176 | D:1      | Learned a level 2 spell: Slow
  1619 | D:2      | Found a faded altar of an unknown god.
  1969 | D:2      | Reached skill level 4 in Fighting
  1969 | D:2      | Reached XP level 5. HP: 28/54 MP: 3/6
  2545 | D:3      | Learned a level 3 spell: Portal Projectile
  2865 | D:3      | Found a broken altar of Ashenzari.
  2924 | D:3      | Reached skill level 5 in Fighting
  2924 | D:3      | Reached XP level 6. HP: 25/66 MP: 7/7
  4649 | D:4      | Found a staircase to the Ecumenical Temple.
  4656 | Temple   | Entered the Ecumenical Temple
  4721 | Temple   | Became a worshipper of Warmaster Okawaru
  4906 | D:4      | Noticed a phantom
  4923 | D:4      | Killed a phantom
  4942 | D:4      | Reached skill level 1 in Invocations
  4942 | D:4      | Reached XP level 7. HP: 69/74 MP: 3/9
  5027 | D:4      | Reached skill level 1 in Translocations
  5253 | D:4      | Noticed Robin
  5256 | D:4      | Killed Robin
  5489 | D:4      | Found a sparkling altar of Nemelex Xobeh.
  5546 | D:4      | Found an ancient bone altar of Kikubaaqudgha.
  5616 | D:4      | Found a bloodstained altar of Trog.
  5721 | D:4      | Reached * piety under Okawaru
  5722 | D:4      | Reached skill level 6 in Fighting
  5944 | D:5      | Entered Level 5 of the Dungeon
  5980 | D:4      | Reached XP level 8. HP: 46/83 MP: 8/11
  6900 | D:5      | Found a shimmering altar of Xom.
  7375 | D:6      | Reached ** piety under Okawaru
  7413 | D:6      | Noticed Blork the orc
  7419 | D:6      | Killed Blork the orc
  8501 | D:7      | Reached XP level 9. HP: 77/92 MP: 14/14
  8851 | D:7      | Found a shimmering blue altar of Sif Muna.
  8885 | D:7      | Reached skill level 5 in Hexes
  8967 | D:7      | Noticed Duvessa
  8967 | D:7      | Noticed Dowan
  8990 | D:7      | Killed Duvessa
  8991 | D:7      | Reached skill level 7 in Fighting
  9000 | D:7      | Killed Dowan
  9671 | D:7      | Reached *** piety under Okawaru
  9672 | D:7      | Reached skill level 5 in Invocations
  9894 | D:7      | Found an iron altar of Okawaru.
 10108 | D:7      | Reached skill level 5 in Throwing
 10286 | D:7      | Found a glowing golden altar of the Shining One.
 10811 | D:8      | Found Cheibriados's Comfort Zone.
 10827 | D:8      | Found a snail-covered altar of Cheibriados.
 10919 | D:8      | Gained mutation: Your spells are a little harder to cast,
                  | but a little more powerful. [potion of mutation]
 10919 | D:8      | Gained mutation: You have a pair of small horns on your
                  | head. [potion of mutation]
 11004 | D:8      | Noticed a two-headed ogre
 11318 | D:8      | Received a gift from Okawaru
 11527 | D:8      | Found a stormy altar of Qazlal.
 11799 | D:8      | Killed a two-headed ogre
 11799 | D:8      | Reached **** piety under Okawaru
 11800 | D:8      | Reached skill level 5 in Translocations
 11800 | D:8      | Reached XP level 10. HP: 12/104 MP: 11/16
 12472 | D:8      | Reached skill level 5 in Dodging
 12486 | D:8      | Received a gift from Okawaru
 13115 | D:9      | Found a snail-covered altar of Cheibriados.
 13210 | D:8      | Reached skill level 8 in Fighting
 13415 | D:9      | Received a gift from Okawaru
 13424 | D:9      | Reached skill level 5 in Spellcasting
 13436 | D:9      | Reached skill level 1 in Maces & Flails
 13564 | D:9      | Found an opulent altar of Gozag.
 13832 | D:9      | Received a gift from Okawaru
 13832 | D:9      | Reached ***** piety under Okawaru
 14756 | D:9      | Received a gift from Okawaru
 14802 | D:9      | Got a crystal longbow {god gift}
 15203 | D:9      | Reached XP level 11. HP: 77/113 MP: 19/19
 15661 | D:10     | Entered Level 10 of the Dungeon
 15661 | D:10     | Noticed Erolcha
 15698 | D:10     | Noticed Nergalle
 15879 | D:10     | Killed Erolcha
 16566 | D:10     | Reached skill level 9 in Fighting
 16574 | D:10     | Found a staircase to the Lair.
 17307 | D:10     | Found a viscous altar of Jiyva.
 17431 | D:10     | Noticed a two-headed ogre
 17556 | D:10     | Killed Nergalle
 17732 | D:10     | Killed a two-headed ogre
 17732 | D:10     | Received a gift from Okawaru
 17799 | D:10     | Noticed Fannar
 17840 | D:11     | Noticed a white ugly thing
 18004 | D:11     | Received a gift from Okawaru
 18115 | D:11     | Found a white marble altar of Elyvilon.
 18137 | D:10     | Slain by a white ugly thing

Illustrated notes

Levels and vault maps discovered:
D:1:      dpeg_arrival_orchard, layout_basic
D:2:      layout_rooms, chequers_ecumenical_altar_simple
D:3:      layout_basic, evilmike_ruin_ashenzari
D:4:      layout_cave_pools, nemelex_xobeh_ov_fountains_minmay,
          kennysheep_vampire_church, minmay_temple_entry_steel_oval,
          minmay_tree_intersection, minivault_25, amcnicky_mini_pool_small,
          serial_bayou_pond_d, trog_hazing_becter, uniq_robin
D:5:      layout_cave_pools, general_overflow_altar
D:6:      layout_loops_ring, minivault_4, minmay_mini_ossuary,
          uniq_blork_the_orc
D:7:      layout_loops_corners, lemuel_crystal_altar, lemuel_round_altar,
          basic_altar, grunt_ministairs_3, minmay_crystal_water, uniq_duvessa
D:8:      layout_loops_ring, old_standard_altar, minmay_shop_chei
D:9:      layout_big_octagon, chequers_temple_overflow_statue_of_worship,
          minivault_25_ag
D:10:     layout_basic, minmay_lair_entry_grove, jiyva_altar_1, uniq_fannar,
          uniq_nergalle, uniq_erolcha
D:11:     layout_rooms, erik_orc_1, serial_glass, glass_columns_b,
          glass_columns_a, basic_altar, serial_shops, kennysheep_little_box,
          amcnicky_altar_lugonu_corruption, uniq_psyche
Temple:   dshaligram_water_room_temple

Skill      XL: |  1  2  3  4  5  6  7  8  9 10 11 |
---------------+----------------------------------+-----
Hexes          | 3 4 6 7 |  7.4
Dodging        | 2 3 4 5 6 |  6.2
Fighting       | 2 3 4 5 6 7 8 9 |  9.4
Throwing       | 3 4 5 6 |  6.9
Invocations    | 1 2 4 6 7 |  7.7
Translocations | 2 3 5 |  5.0
Spellcasting   | 2 3 4 5 6 |  6.0
Maces & Flails | 2 4 |  4.9

Action                   |  1- 3 |  4- 6 |  7- 9 | 10-12 || total
-------------------------+-------+-------+-------+-------++-------
Melee: Spear             |    76 |    72 |       |       ||   148
       Halberd           |       |   243 |   513 |   357 ||  1113
       Unarmed           |       |    16 |       |       ||    16
       Short sword       |       |       |    31 |       ||    31
       Headbutt          |       |       |     5 |    61 ||    66
       Morningstar       |       |       |       |    88 ||    88
Throw: Large rock        |     6 |     8 |    21 |     6 ||    41
       Boomerang         |       |       |    46 |    22 ||    68
       Javelin           |       |       |     6 |     2 ||     8
       Dart              |       |       |       |   154 ||   154
       Throwing net      |       |       |       |     2 ||     2
 Cast: Corona            |     4 |    45 |    73 |    64 ||   186
       Slow              |       |    13 |    56 |    55 ||   124
       Portal Projectile |       |       |       |     1 ||     1
Invok: Heroism           |       |       |       |     1 ||     1
Evoke: Wand              |       |       |     7 |    12 ||    19
  Use: Scroll            |     1 |     6 |     9 |     5 ||    21
       Potion            |       |     1 |     1 |     2 ||     4
 Stab: Sleeping          |       |     1 |       |       ||     1
       Paralysed         |       |       |     5 |       ||     5
Armor: Robe              |    12 |    89 |   120 |   141 ||   362
       Skin              |       |    23 |       |       ||    23
Dodge: Dodged            |    49 |   289 |   541 |   547 ||  1426
